[Event "Titled Tuesday Blitz February 22 Late 2022"]
[White "Nakamura, Hikaru"]
[Black "Ponkratov, Pavel"]
[WhiteFideId "2016192"]
[BlackFideId "4157800"]
[WhiteElo "2850"]
[BlackElo "2487"]
[Result "1-0"]
[Round "11"]
[TimeControl "180+1"]
[Date "2022.02.22"]
[WhiteClock "0:00:15"]
[BlackClock "0:00:07"]

1. Nf3 Nf6 2. b3 g6 3. d4 Bg7 4. Bb2 d5 5. e3 O-O 6. c4 c5 7. dxc5 Qa5+ 8. Nbd2 Rd8 9. a3 Qxc5 10. b4 Qc7 11. Rc1 Qd6 12. cxd5 Nxd5 13. Bxg7 Kxg7 14. Ne4 Qe6 15. Qd4+ f6 16. Nc5 Qg8 17. Bc4 Nc6 18. Qb2 b6 19. Nb3 Bb7 20. O-O Qe8 21. b5 Nb8 22. Rfe1 e5 23. e4 Nf4 24. g3 Nd3 25. Bxd3 Rxd3 26. Nfd4 Nd7 27. Rc7 exd4 28. Nxd4 Bxe4 29. f3 Kh8 30. Rxe4 Ne5 31. Kg2 Qd8 32. Rc2 Qd5 33. Qa2 Rd8 34. Qxd5 Rxd5 35. Ne6 Rd2+ 36. Re2 Rxc2 37. Rxc2 h5 38. a4 g5 39. h3 Kg8 40. f4 gxf4 41. gxf4 Ng6 42. Rc7 Nh4+ 43. Kf2 Nf5 44. Rxa7 Rd3 45. a5 bxa5 46. b6 Rd2+ 47. Ke1 Rb2 48. b7 Kf7 49. b8=Q+ 1-0


[Site "https://www.chess.com"]

[Event "Titled Tuesday Blitz February 22 Late 2022"]
[White "Novikov, Evgenij"]
[Black "Willathgamuwa, Kevin"]
[WhiteFideId "4125380"]
[BlackFideId "3214168"]
[WhiteElo "2242"]
[BlackElo "1943"]
[Result "1-0"]
[Round "11"]
[TimeControl "180+1"]
[Date "2022.02.23"]
[WhiteClock "0:00:33"]
[BlackClock "0:00:20"]

1. e4 g6 2. d4 Bg7 3. Be3 c5 4. c3 d5 5. Bb5+ Bd7 6. Bxd7+ Qxd7 7. exd5 Qxd5 8. Qf3 Qxf3 9. Nxf3 cxd4 10. Bxd4 Bxd4 11. Nxd4 Nc6 12. Nxc6 bxc6 13. Nd2 Nf6 14. O-O-O O-O-O 15. Rhe1 e6 16. f3 Nd5 17. Ne4 Kc7 18. g3 h6 19. Kc2 Rhe8 20. a3 f5 21. Nc5 e5 22. c4 Nf6 23. Rxd8 Kxd8 24. b4 Kc7 25. a4 g5 26. b5 Kb6 27. Nb3 cxb5 28. axb5 Nd7 29. Rd1 Kc7 30. Ra1 Kb7 31. Na5+ Kb6 32. Nc6 Nc5 33. Rxa7 e4 34. fxe4 fxe4 35. Re7 Rf8 36. Nb4 Rf2+ 37. Kc3 Na4+ 38. Kd4 Rd2+ 39. Ke5 Rxh2 40. Nd5+ Kc5 41. Rc7# 1-0


[Site "https://www.chess.com"]

[Event "Titled Tuesday Blitz February 22 Late 2022"]
[White "Novikova, Galina"]
[Black "Thomas, Anysia"]
[WhiteFideId "4157095"]
[BlackFideId "670472"]
[WhiteElo "1863"]
[BlackElo "2002"]
[Result "1-0"]
[Round "11"]
[TimeControl "180+1"]
[Date "2022.02.23"]
[WhiteClock "0:00:58"]
[BlackClock "0:00:08"]

1. e4 c5 2. Nf3 g6 3. d4 cxd4 4. Nxd4 Nc6 5. Nc3 Bg7 6. Be3 Nf6 7. Nxc6 bxc6 8. e5 Ng8 9. Bd4 f6 10. f4 Qa5 11. Bc4 fxe5 12. fxe5 Bxe5 13. Qd3 Nf6 14. O-O-O Bxd4 15. Qxd4 d5 16. Rhe1 O-O 17. Qe5 Bg4 18. Rd2 Qb4 19. Bb3 Rf7 20. h3 Bd7 21. g4 e6 22. g5 Nh5 23. Rd4 Qf8 24. Na4 c5 25. Rdd1 c4 26. Bxc4 Bxa4 27. Be2 Nf4 28. Bg4 Rc8 29. Rd2 Bxc2 30. Bxe6 Nxe6 31. Rxc2 Rxc2+ 32. Kxc2 Qc5+ 33. Kb1 Nd4 34. Rc1 Qb4 35. Rc8+ Rf8 36. Qxd5+ Kg7 37. Qe5+ Kg8 38. Rc1 a5 39. a3 Qd2 40. Qd5+ Rf7 41. Rc8+ Kg7 42. Qe5+ 1-0


[Site "https://www.chess.com"]

[Event "Titled Tuesday Blitz February 22 Late 2022"]
[White "Peterson, Eric"]
[Black "Fiorito, Fabian"]
[WhiteFideId "14908395"]
[BlackFideId "100200"]
[WhiteElo "2195"]
[BlackElo "2395"]
[Result "0-1"]
[Round "11"]
[TimeControl "180+1"]
[Date "2022.02.23"]
[WhiteClock "0:00:19"]
[BlackClock "0:00:09"]

1. e4 c6 2. d4 d5 3. exd5 cxd5 4. c4 Nf6 5. Nc3 Nc6 6. Bg5 dxc4 7. Bxc4 e6 8. Nf3 Be7 9. O-O O-O 10. Re1 h6 11. Bh4 b6 12. a3 Bb7 13. Qd3 Rc8 14. Rad1 Na5 15. Ba2 Nd5 16. Bb1 g6 17. Bxe7 Qxe7 18. Ne5 Qg5 19. Ne4 Nf4 20. Qf3 Bxe4 21. Bxe4 Kg7 22. g3 Nh5 23. b4 Nc4 24. Nxc4 Rxc4 25. d5 Nf6 26. Bd3 Rc3 27. dxe6 fxe6 28. Rxe6 Rf7 29. h4 Qh5 30. Qxh5 gxh5 31. a4 Rd7 32. Re3 Ng4 33. Rf3 Ne5 34. Re3 Rcxd3 35. Rdxd3 Nxd3 36. b5 Nc5 37. Re5 Nxa4 38. Rxh5 Nc3 39. Re5 Nd5 40. Kg2 Kf6 41. f4 Nc3 42. Kh3 Rd5 43. Re8 Nxb5 44. Ra8 a5 45. Kg4 Nd4 46. Rb8 Rd6 47. h5 a4 48. Rh8 Kg7 49. Ra8 b5 50. f5 Kf6 51. Rf8+ Kg7 52. Ra8 Rf6 53. Ra7+ Rf7 54. Ra6 Rxf5 55. Rg6+ Kh7 56. Rd6 Rg5+ 57. Kf4 Nf5 58. Rd7+ Kg8 59. g4 Ng7 60. Rd8+ Kh7 61. Rd7 Rc5 62. Ra7 Rc4+ 63. Kg3 Rc3+ 64. Kh4 a3 65. Ra6 Rb3 66. Ra5 b4 67. g5 hxg5+ 68. Kxg5 Rb2 69. Ra7 Rg2+ 70. Kh4 Rh2+ 71. Kg3 Rxh5 72. Rb7 a2 73. Ra7 b3 0-1


[Site "https://www.chess.com"]

[Event "Titled Tuesday Blitz February 22 Late 2022"]
[White "Prohorov, Olexandr"]
[Black "Lock, Gavin R"]
[WhiteFideId "14105578"]
[BlackFideId "408646"]
[WhiteElo "1993"]
[BlackElo "2104"]
[Result "1/2-1/2"]
[Round "11"]
[TimeControl "180+1"]
[Date "2022.02.23"]
[WhiteClock "0:00:45"]
[BlackClock "0:00:14"]

1. e4 c5 2. c3 Nf6 3. e5 Nd5 4. Nf3 e6 5. Bc4 d6 6. d4 cxd4 7. cxd4 Nc6 8. O-O Be7 9. Qe2 O-O 10. Nc3 Nxc3 11. bxc3 dxe5 12. dxe5 Qa5 13. Bd2 Rd8 14. Rfe1 Bd7 15. Qe4 Qa4 16. Ng5 Bxg5 17. Bxg5 Rdc8 18. Rad1 Be8 19. Bd3 Qxe4 20. Bxe4 Na5 21. Re3 h6 22. Be7 Bc6 23. Bxc6 Nxc6 24. Rd7 Nxe7 25. Rxe7 b6 26. Rf3 Rf8 27. h4 Rad8 28. Rxa7 Rd5 29. Re3 Rc8 30. f4 Rc4 31. g3 h5 32. Kf2 Rdc5 33. Ra3 Kh7 34. Rb3 b5 35. Ke2 Ra4 36. Rb2 Kg6 37. Kf3 Kf5 38. Rd3 Ra3 39. Rb3 Rxa2 40. Rd7 Kg6 41. Rb7 Rc2 42. R7xb5 R5xc3+ 43. Rxc3 Rxc3+ 44. Kg2 Kf5 45. Rb7 Kg6 46. Rb4 Kf5 47. Rb7 Kg6 48. Rb4 Kf5 49. Rb7 1/2-1/2


[Site "https://www.chess.com"]

[Event "Titled Tuesday Blitz February 22 Late 2022"]
[White "Przybylski, Wojciech"]
[Black "Petrovic, Aleksa"]
[WhiteFideId "1117599"]
[BlackFideId "967629"]
[WhiteElo "2133"]
[BlackElo "2139"]
[Result "1-0"]
[Round "11"]
[TimeControl "180+1"]
[Date "2022.02.23"]
[WhiteClock "0:00:08"]
[BlackClock "0:00:11"]

1. e4 c6 2. d4 d5 3. Nc3 g6 4. Nf3 Bg7 5. h3 Nh6 6. e5 O-O 7. Bf4 f6 8. Qd2 Nf7 9. exf6 Bxf6 10. O-O-O Re8 11. Bd3 Nd7 12. h4 e5 13. dxe5 Ndxe5 14. Nxe5 Nxe5 15. h5 g5 16. Bxe5 Bxe5 17. g3 Bg4 18. Rde1 Bf3 19. Bxh7+ Kxh7 20. Qd3+ Be4 21. Nxe4 dxe4 22. Rxe4 Qxd3 23. cxd3 Bc7 24. Rhe1 Rxe4 25. Rxe4 Bb6 26. Re7+ Kh6 27. g4 Bxf2 28. Rxb7 Rf8 29. Rc7 Rf6 30. Kc2 Bb6 31. Rc8 c5 32. a4 Rf4 33. Rc6+ Kh7 34. a5 Bxa5 35. Rxc5 Bd8 36. Rd5 Bf6 37. Rd7+ Kh6 38. Rd6 a5 39. Kb3 a4+ 40. Ka2 Rf2 41. Rb6 Kg7 42. Rb7+ Kg8 43. Rb4 Rf4 44. Rc4 Kf7 45. Ka3 Rf2 46. Kxa4 Rxb2 47. Rc7+ Kg8 48. Rc6 Kg7 49. Rc7+ Kh6 50. Rc6 Rf2 51. Kb5 Rf4 52. Kc5 Kg7 53. Rc7+ Kg8 54. Rc8+ Kf7 55. Rc7+ Be7+ 56. Kd5 Rxg4 57. Ke5 Rh4 58. d4 Rxh5 59. d5 Rh6 60. Kf5 Rf6+ 61. Ke5 Kf8 62. Rc8+ Kg7 63. Rc7 Rf7 64. Rc6 g4 65. Rc4 Bf6+ 66. Ke6 Kg6 67. Rxg4+ Kh5 68. Kxf7 Kxg4 69. Kxf6 Kf4 70. Ke6 Ke4 71. d6 Kd4 72. d7 Ke3 73. d8=Q Ke2 74. Qe7 Kf2 75. Ke5 Kf1 76. Qe6 Ke1 77. Ke4 Kf1 78. Qe5 Ke1 79. Ke3 Kf1 80. Qe4 Ke1 81. Qb1# 1-0


[Site "https://www.chess.com"]

[Event "Titled Tuesday Blitz February 22 Late 2022"]
[White "Qashashvili, Alexandre"]
[Black "Migot, Tangi"]
[WhiteFideId "13600842"]
[BlackFideId "662445"]
[WhiteElo "2316"]
[BlackElo "2501"]
[Result "0-1"]
[Round "11"]
[TimeControl "180+1"]
[Date "2022.02.23"]
[WhiteClock "0:00:03"]
[BlackClock "0:00:05"]

1. e4 c6 2. d4 Na6 3. Bxa6 Qa5+ 4. Nc3 Qxa6 5. Nf3 Nf6 6. Qe2 Qxe2+ 7. Kxe2 d5 8. exd5 Nxd5 9. Nxd5 cxd5 10. c3 Bf5 11. Bf4 h6 12. h3 e6 13. Rhe1 f6 14. Kd2 Kd7 15. Re2 g5 16. Bh2 h5 17. Rae1 b5 18. a3 a5 19. Ra1 h4 20. Ne1 Be7 21. Nd3 Rhc8 22. f3 Ra6 23. Ree1 Kc6 24. Re2 Rca8 25. Rae1 b4 26. axb4 axb4 27. Rc1 Kb5 28. Ke3 b3 29. f4 g4 30. hxg4 Bxg4 31. Ree1 Bf5 32. Bg1 Ra2 33. Re2 Ra1 34. Ree1 Rxc1 35. Rxc1 Ra2 36. Rb1 Kc4 37. Rd1 Bd6 38. Bf2 Bxd3 39. Bxh4 Be4 40. Bxf6 Rxb2 41. g4 Rg2 42. f5 exf5 43. gxf5 Bf8 44. Ra1 Bh6+ 45. Bg5 Bxg5# 0-1


[Site "https://www.chess.com"]

[Event "Titled Tuesday Blitz February 22 Late 2022"]
[White "Romanchuk, Viktor"]
[Black "Medeiros Jr, Francisco De Assis"]
[WhiteFideId "14109271"]
[BlackFideId "2114267"]
[WhiteElo "2242"]
[BlackElo "1998"]
[Result "1/2-1/2"]
[Round "11"]
[TimeControl "180+1"]
[Date "2022.02.23"]
[WhiteClock "0:01:27"]
[BlackClock "0:00:56"]

1. d4 d5 2. c4 e6 3. Nc3 a6 4. cxd5 exd5 5. Nf3 Nf6 6. Bf4 Bd6 7. Bg3 c6 8. Qc2 O-O 9. e3 Re8 10. Bd3 Be6 11. O-O Qc7 12. Rab1 Nbd7 13. Rfc1 Bg4 14. Nd2 Bh5 15. b4 Bg6 16. a4 Rac8 17. Bxg6 hxg6 18. Qd3 Bxg3 19. hxg3 Qd6 20. b5 axb5 21. axb5 c5 22. dxc5 Nxc5 23. Qd4 Ne6 24. Qh4 d4 25. exd4 Nxd4 26. Nf3 Rxc3 27. Qxd4 Qxd4 28. Nxd4 Rd3 29. Nf3 Nd5 30. Rd1 Rxd1+ 31. Rxd1 Nc3 32. Rd7 Nxb5 33. Rxb7 Nd6 1/2-1/2


[Site "https://www.chess.com"]

[Event "Titled Tuesday Blitz February 22 Late 2022"]
[White "Rosen, Eric"]
[Black "Tanenbaum, Zachary"]
[WhiteFideId "2032562"]
[BlackFideId "2060850"]
[WhiteElo "2362"]
[BlackElo "2168"]
[Result "1-0"]
[Round "11"]
[TimeControl "180+1"]
[Date "2022.02.22"]
[WhiteClock "0:01:08"]
[BlackClock "0:00:02"]

1. e4 e5 2. Nf3 Nc6 3. Bc4 Nf6 4. Nc3 Nxe4 5. Bd5 Nf6 6. Bxc6 dxc6 7. Nxe5 Bd6 8. d4 O-O 9. O-O Bf5 10. Bg5 h6 11. Bh4 Bxe5 12. dxe5 Qxd1 13. Raxd1 Nd7 14. f4 Nb6 15. Rf2 a5 16. a4 Nc4 17. b3 Ne3 18. Rdd2 Be6 19. Rf3 Nf5 20. Bf2 h5 21. Rfd3 b6 22. Ne4 Rfe8 23. h3 h4 24. Ng5 Kf8 25. Nf3 Bd5 26. Nxh4 Nxh4 27. Bxh4 Rac8 28. Kf2 Re6 29. Re3 Ree8 30. g4 g6 31. Bf6 1-0


[Site "https://www.chess.com"]

[Event "Titled Tuesday Blitz February 22 Late 2022"]
[White "Sadhwani, Raunak"]
[Black "Sjugirov, Sanan"]
[WhiteFideId "35093487"]
[BlackFideId "4189302"]
[WhiteElo "2616"]
[BlackElo "2602"]
[Result "1-0"]
[Round "11"]
[TimeControl "180+1"]
[Date "2022.02.22"]
[WhiteClock "0:00:05"]
[BlackClock "0:00:04"]

1. d4 Nf6 2. Nf3 d5 3. Bf4 c5 4. e3 Qb6 5. Nbd2 e6 6. Rb1 Nc6 7. c3 Nh5 8. Be5 f6 9. Bg3 g6 10. Bd3 Bd7 11. Bh4 Be7 12. O-O O-O 13. b4 cxb4 14. cxb4 Qd8 15. a3 Rc8 16. Nb3 b6 17. Ba6 Rc7 18. Rc1 Nb8 19. Be2 Rxc1 20. Qxc1 Ba4 21. Qb2 Qd7 22. Rc1 Rc8 23. Nfd2 Ng7 24. g4 Rxc1+ 25. Qxc1 Qc6 26. Qb2 Nd7 27. Bg3 f5 28. h3 h5 29. Nc1 hxg4 30. hxg4 Bb5 31. Bxb5 Qxb5 32. Qc2 Nf6 33. Nd3 Nxg4 34. a4 Qd7 35. Nf3 Bf6 36. b5 Ne8 37. Bb8 Kf7 38. Be5 Ke7 39. Qc3 Bxe5 40. Nfxe5 Nxe5 41. Nxe5 Qc7 42. Nc6+ Kf6 43. Qb4 Nd6 44. f3 g5 45. Kg2 g4 46. fxg4 fxg4 47. a5 Kg5 48. a6 Ne4 49. Qe1 Qf7 50. Qf1 Qxf1+ 51. Kxf1 Nc3 52. Nxa7 Kf5 53. Nc8 Nxb5 54. Nd6+ Nxd6 55. a7 Ke4 56. a8=Q Kxe3 57. Qc6 Ne4 58. Qxe6 g3 59. Qxb6 Kf3 60. Qe6 Nc3 61. Qf5+ Ke3 62. Qe5+ Ne4 63. Kg2 Kd3 64. Qxd5 Nc3 65. Qe5 Ne4 66. d5 1-0


[Site "https://www.chess.com"]

[Event "Titled Tuesday Blitz February 22 Late 2022"]
[White "Salimova, Nurgyul"]
[Black "Lopez Del Alamo, Antonio"]
[WhiteFideId "2915138"]
[BlackFideId "2227339"]
[WhiteElo "2185"]
[BlackElo "2082"]
[Result "1-0"]
[Round "11"]
[TimeControl "180+1"]
[Date "2022.02.22"]
[WhiteClock "0:01:10"]
[BlackClock "0:00:10"]

1. d4 Nf6 2. Nf3 g6 3. Bg5 Bg7 4. Nbd2 d5 5. e3 c5 6. c3 Nbd7 7. Be2 Qc7 8. O-O O-O 9. Bf4 Qb6 10. Qb3 c4 11. Qa3 Re8 12. b3 Nh5 13. bxc4 Nxf4 14. exf4 dxc4 15. Nxc4 Qc7 16. Nce5 Nxe5 17. fxe5 Be6 18. h4 a6 19. Ng5 Bc4 20. Bxc4 Qxc4 21. Qb3 Rac8 22. Qxb7 Qxc3 23. Rad1 Rc4 24. Qd7 Rf8 25. e6 f6 26. Ne4 Qc2 27. Nc5 Rxd4 28. Qxd4 1-0


[Site "https://www.chess.com"]

[Event "Titled Tuesday Blitz February 22 Late 2022"]
[White "Sanchez Alvares, Kelvin Antonio"]
[Black "Mirzoev, Azer"]
[WhiteFideId "3906680"]
[BlackFideId "13400304"]
[WhiteElo "2193"]
[BlackElo "2525"]
[Result "1/2-1/2"]
[Round "11"]
[TimeControl "180+1"]
[Date "2022.02.22"]
[WhiteClock "0:00:03"]
[BlackClock "0:00:07"]

1. d4 d5 2. c4 c6 3. Nf3 Nf6 4. Nc3 dxc4 5. a4 Bf5 6. Ne5 e6 7. f3 c5 8. e4 Bg6 9. Be3 cxd4 10. Qxd4 Qxd4 11. Bxd4 Nfd7 12. Bxc4 Nxe5 13. Bxe5 a6 14. h4 Nc6 15. Bg3 h5 16. O-O-O Rc8 17. Kb1 Bb4 18. Rc1 Ke7 19. Na2 Bd6 20. Bxd6+ Kxd6 21. Rhd1+ Ke7 22. Nc3 f6 23. b3 Bf7 24. Kb2 Rhd8 25. Rxd8 Rxd8 26. Rd1 Rc8 27. Rc1 Be8 28. Ne2 Ne5 29. a5 g5 30. hxg5 fxg5 31. Nd4 Nxc4+ 32. Rxc4 Rxc4 33. bxc4 Kd6 34. Kc3 h4 35. Kd3 Bd7 36. Nb3 e5 37. Nd2 g4 38. fxg4 Bxg4 39. Nf1 Kc5 40. Kc3 b6 41. axb6 Kxb6 42. Ne3 Be6 43. Nd5+ Kc5 44. Nc7 Bc8 45. Nd5 a5 46. Ne3 Be6 47. Nd5 Bf7 48. Ne3 Bg6 49. Nf5 a4 50. Nxh4 Bxe4 51. g4 Bh7 52. g5 e4 53. g6 Bg8 54. Nf5 a3 55. Kb3 Bxc4+ 56. Kxa3 Be6 57. g7 Bg8 58. Kb2 Kd5 59. Kc3 Ke5 60. Nh6 Kf6 61. Nxg8+ Kxg7 62. Kd4 e3 63. Kxe3 1/2-1/2


[Site "https://www.chess.com"]

[Event "Titled Tuesday Blitz February 22 Late 2022"]
[White "Saraci, Nderim"]
[Black "Van Foreest, Jorden"]
[WhiteFideId "6351921"]
[BlackFideId "1039784"]
[WhiteElo "2573"]
[BlackElo "2609"]
[Result "0-1"]
[Round "11"]
[TimeControl "180+1"]
[Date "2022.02.22"]
[WhiteClock "0:00:02"]
[BlackClock "0:01:32"]

1. d4 d5 2. c4 e6 3. Nc3 Bb4 4. Nf3 Ne7 5. Bf4 dxc4 6. Qa4+ Nbc6 7. e4 Bd7 8. Qc2 b5 9. Be2 a6 10. O-O O-O 11. Rfd1 Bd6 12. Be3 Ng6 13. e5 Nb4 14. Qd2 Be7 15. b3 cxb3 16. axb3 Bc6 17. Rac1 Qd7 18. Bg5 Rfd8 19. h4 h6 20. Bxh6 gxh6 21. Qxh6 Bf8 22. Qe3 Qe7 23. h5 Nh4 24. Qf4 Nf5 25. g4 Bh6 26. g5 Bxf3 27. gxh6 Bxe2 28. Nxe2 Nd5 29. Qf3 Kh7 0-1


[Site "https://www.chess.com"]

[Event "Titled Tuesday Blitz February 22 Late 2022"]
[White "Sarana, Alexey"]
[Black "Hess, Robert"]
[WhiteFideId "24133795"]
[BlackFideId "2022036"]
[WhiteElo "2665"]
[BlackElo "2557"]
[Result "1-0"]
[Round "11"]
[TimeControl "180+1"]
[Date "2022.02.22"]
[WhiteClock "0:00:05"]
[BlackClock "0:00:03"]

1. d4 g6 2. c4 Bg7 3. e4 d6 4. Nc3 e6 5. h4 h6 6. Be3 Nd7 7. Bd3 b6 8. Nge2 Bb7 9. Qd2 Ne7 10. g4 d5 11. cxd5 exd5 12. e5 Nxe5 13. dxe5 d4 14. Bb5+ c6 15. Nxd4 cxb5 16. O-O b4 17. Ncb5 Bxe5 18. f4 Bg7 19. f5 gxf5 20. Nxf5 Nxf5 21. Rxf5 Qxd2 22. Bxd2 O-O 23. Bxb4 Rfd8 24. Nd6 Bc8 25. Rxf7 Bxg4 26. Raf1 Rd7 27. R7f4 h5 28. Nf5 Bxb2 29. Nh6+ Kh7 30. Nxg4 hxg4 31. Rxg4 Rg8 32. Rxg8 Kxg8 33. Kg2 Rd4 34. Be7 Rd2+ 35. Kh3 Be5 36. a3 Rd3+ 37. Kg4 Bd6 38. Rf8+ Kg7 39. Rd8 Rd4+ 40. Kh5 Bc5 41. a4 Rxa4 42. Bg5 Ra5 43. Rd7+ Kg8 44. Kg6 Kf8 45. Rd8# 1-0


[Site "https://www.chess.com"]

[Event "Titled Tuesday Blitz February 22 Late 2022"]
[White "Sevian, Samuel"]
[Black "Baskin, Robert"]
[WhiteFideId "2040506"]
[BlackFideId "24662402"]
[WhiteElo "2698"]
[BlackElo "2488"]
[Result "1-0"]
[Round "11"]
[TimeControl "180+1"]
[Date "2022.02.22"]
[WhiteClock "0:02:59"]
[BlackClock "0:00:13"]

1. e4 c5 2. Nf3 d6 3. d4 cxd4 4. Nxd4 Nf6 5. Bd3 e5 6. Ne2 d5 7. exd5 Nxd5 8. O-O Nc6 9. Nbc3 Nxc3 10. Nxc3 Be7 11. Qh5 g6 12. Qf3 Be6 13. Rd1 Qa5 14. Bb5 O-O 15. Bxc6 bxc6 16. Bh6 Rfd8 17. Ne4 f5 18. Ng5 Bd5 19. Qg3 Bf6 20. h4 Rab8 21. b3 e4 22. c4 Bf7 23. Nh3 Rxd1+ 24. Rxd1 Rd8 25. Rxd8+ Qxd8 26. Bg5 Kg7 27. Kh2 h6 28. Bxf6+ Qxf6 29. Nf4 Kh7 30. Ne2 g5 31. Qc7 Kg6 32. Qxa7 Qe5+ 33. g3 f4 34. gxf4 gxf4 35. Qd4 Qxd4 36. Nxd4 c5 37. Nb5 Kf6 38. a4 Ke5 39. a5 Bh5 40. a6 Bf3 41. a7 e3 42. fxe3 fxe3 43. Kg3 e2 44. Kf2 Bc6 45. Nc7 Kd4 46. a8=Q Bxa8 47. Nxa8 Kc3 48. Kxe2 Kxb3 49. Kd3 1-0


[Site "https://www.chess.com"]

[Event "Titled Tuesday Blitz February 22 Late 2022"]
[White "Svane, Rasmus"]
[Black "Dubov, Daniil"]
[WhiteFideId "4657101"]
[BlackFideId "24126055"]
[WhiteElo "2645"]
[BlackElo "2791"]
[Result "0-1"]
[Round "11"]
[TimeControl "180+1"]
[Date "2022.02.22"]
[WhiteClock "0:00:04"]
[BlackClock "0:00:09"]

1. Nf3 d5 2. g3 Nd7 3. d4 Nb6 4. Nc3 Nf6 5. a4 a5 6. Bg2 Bf5 7. Nh4 e6 8. Nxf5 exf5 9. Qd3 g6 10. O-O c6 11. Bg5 Be7 12. Bxf6 Bxf6 13. e3 Nc4 14. b3 Nd6 15. Ne2 h5 16. c4 Ne4 17. cxd5 cxd5 18. Qb5+ Kf8 19. Nf4 h4 20. Qxd5 Qe7 21. Bxe4 fxe4 22. Rac1 Kg7 23. Rc4 Rad8 24. Qb5 Bg5 25. Rfc1 Bxf4 26. gxf4 Rh5 27. Rc5 Rc8 28. d5 Rxd5 29. Rxc8 Rxb5 30. axb5 Qd7 31. Kf1 Qxb5+ 32. Kg1 Qxb3 33. h3 a4 34. R8c3 Qe6 35. Kg2 b5 36. Rc6 Qb3 37. R6c3 Qb2 38. R3c2 Qb4 39. Ra2 Qb3 40. Rca1 Kf6 41. Ra3 Qc4 42. Rb1 g5 43. fxg5+ Kxg5 44. Rb2 Qc5 45. Ra1 a3 46. Rb3 b4 47. Rab1 a2 48. Ra1 Qc4 49. Rxb4 Qxb4 50. Rxa2 Qb5 51. Rd2 f5 52. Rd4 Qc5 53. Ra4 Qd5 54. Rb4 Qd1 55. Rb2 Qf3+ 56. Kh2 Kf6 57. Rb6+ Ke5 58. Rb2 Kd5 59. Rb5+ Kc4 60. Rb2 Kc3 61. Ra2 Kb4 62. Rb2+ Kc4 63. Ra2 Kb3 64. Rd2 f4 0-1


[Site "https://www.chess.com"]

[Event "Titled Tuesday Blitz February 22 Late 2022"]
[White "Tan, Jun Ying"]
[Black "Moskvin, Anatoly"]
[WhiteFideId "5710413"]
[BlackFideId "24199990"]
[WhiteElo "1827"]
[BlackElo "2079"]
[Result "1-0"]
[Round "11"]
[TimeControl "180+1"]
[Date "2022.02.23"]
[WhiteClock "0:00:49"]
[BlackClock "0:00:01"]

1. d4 Nf6 2. c4 c5 3. d5 b5 4. cxb5 a6 5. bxa6 Bxa6 6. Nc3 g6 7. g3 Bg7 8. Bg2 d6 9. Nf3 O-O 10. Rb1 Nbd7 11. O-O Ng4 12. Qc2 Qa5 13. Bd2 Bxc3 14. Bxc3 Qxa2 15. Nd2 Bxe2 16. Rfe1 Qa6 17. Qe4 Bd3 18. Qxg4 Bf5 19. Qh4 Bxb1 20. Rxb1 Qd3 21. Qxe7 Ra7 22. Qxd6 Re8 23. Bh3 f5 24. Bf1 Qc2 25. Qf4 Nb6 26. d6 Qa4 27. b4 Nd7 28. Bc4+ Kf8 29. Qh6# 1-0


[Site "https://www.chess.com"]

[Event "Titled Tuesday Blitz February 22 Late 2022"]
[White "Tari, Aryan"]
[Black "Rorrer, Grayson"]
[WhiteFideId "1510045"]
[BlackFideId "30944996"]
[WhiteElo "2567"]
[BlackElo "2122"]
[Result "1-0"]
[Round "11"]
[TimeControl "180+1"]
[Date "2022.02.22"]
[WhiteClock "0:00:08"]
[BlackClock "0:00:02"]

1. e4 e5 2. Nf3 Nc6 3. d4 exd4 4. Nxd4 Bc5 5. Nb3 Bb6 6. Nc3 Nge7 7. Qe2 O-O 8. Be3 f5 9. Bxb6 axb6 10. O-O-O d6 11. f4 Qe8 12. g3 Qf7 13. Bg2 Be6 14. Rhe1 Rfe8 15. Kb1 h6 16. Qd2 fxe4 17. Nxe4 Nf5 18. Nc3 Kh8 19. Nd5 Nfd4 20. Nc3 Bxb3 21. axb3 Qf5 22. Rxe8+ Rxe8 23. Bd5 Ra8 24. Qd3 Qh3 25. Bxc6 Nxc6 26. Nd5 Qxh2 27. Nxc7 Nb4 28. Qc3 Rc8 29. Qxb4 Rxc7 30. Rc1 Rc6 31. Qd4 d5 32. f5 Qxg3 33. Qxd5 Qc7 34. b4 Rf6 35. Re1 Qf7 36. Qd8+ Qf8 37. Re8 Kg8 38. Rxf8+ Rxf8 39. Qd5+ Kh7 40. Qxb7 Rf6 41. b5 h5 42. b4 h4 43. Qf3 Rh6 44. Qh3 Kg8 45. c4 Kf7 46. c5 bxc5 47. bxc5 Ke7 48. b6 Kd7 49. f6+ 1-0


[Site "https://www.chess.com"]

[Event "Titled Tuesday Blitz February 22 Late 2022"]
[White "Todorovic, Bojan"]
[Black "Villegas, Pierre"]
[WhiteFideId "917087"]
[BlackFideId "654183"]
[WhiteElo "2266"]
[BlackElo "2410"]
[Result "0-1"]
[Round "11"]
[TimeControl "180+1"]
[Date "2022.02.23"]
[WhiteClock "0:00:02"]
[BlackClock "0:00:02"]

1. Nf3 d5 2. c4 e6 3. b3 Nf6 4. Bb2 Be7 5. g3 c5 6. Bg2 d4 7. O-O Nc6 8. Na3 O-O 9. Nc2 e5 10. d3 h6 11. a3 a5 12. b4 axb4 13. axb4 Rxa1 14. Qxa1 cxb4 15. Nd2 Bg4 16. Re1 Qa8 17. e3 Bf5 18. exd4 Bxd3 19. dxe5 Bxc2 20. exf6 Qxa1 21. Rxa1 Bxf6 22. Bxf6 gxf6 23. Be4 Rd8 24. Bxc2 Rxd2 25. Be4 b3 26. Rb1 b2 27. Kf1 Nd4 28. Bxb7 Rc2 29. Kg2 f5 30. c5 Nb5 31. c6 Na3 32. c7 Nxb1 33. c8=Q+ Rxc8 34. Bxc8 f4 35. g4 Nc3 36. Bf5 Kg7 37. Kf3 b1=Q 38. Bxb1 Nxb1 39. Kxf4 Nc3 40. h4 Ne2+ 41. Kf5 Nd4+ 42. Ke4 Ne6 43. f4 Nc5+ 44. Kf5 Nb3 45. h5 Nd4+ 46. Ke4 Ne2 47. Ke3 Ng3 48. Kf3 Nf1 49. Ke2 Ng3+ 50. Kf3 Nf1 51. Kf2 Nd2 52. Ke3 Nc4+ 53. Kd4 Nb6 54. Ke4 Kf6 55. Kd4 Na8 56. Kd5 Nc7+ 57. Kd4 Ne6+ 58. Ke4 Nc5+ 59. Kd5 Nd7 60. Ke4 Ke6 61. g5 Nf8 0-1


[Site "https://www.chess.com"]

[Event "Titled Tuesday Blitz February 22 Late 2022"]
[White "Tomiello, Mateus Costamilan"]
[Black "Vlassov, Nikolai"]
[WhiteFideId "22701958"]
[BlackFideId "4103360"]
[WhiteElo "1975"]
[BlackElo "2407"]
[Result "0-1"]
[Round "11"]
[TimeControl "180+1"]
[Date "2022.02.23"]
[WhiteClock "0:00:01"]
[BlackClock "0:00:03"]

1. c4 f5 2. Nf3 Nf6 3. g3 d6 4. Bg2 e5 5. O-O Nc6 6. d4 e4 7. Ng5 h6 8. Nh3 g5 9. f3 exf3 10. exf3 Bg7 11. Re1+ Ne7 12. Qe2 Kf7 13. Nc3 Re8 14. Qd3 c5 15. Be3 Nc6 16. dxc5 dxc5 17. Qxd8 Rxd8 18. Bxc5 Be6 19. Bf1 Rd2 20. Re2 Rad8 21. Rae1 Rxe2 22. Bxe2 Rd2 23. b4 Nd7 24. Nb5 Nxc5 25. bxc5 Rxa2 26. Nd6+ Kg6 27. Bd3 Bd4+ 28. Kh1 Bd7 29. g4 Bxc5 30. Bxf5+ Bxf5 31. Nxf5 Nd4 32. Nxd4 Bxd4 33. Rd1 Be5 34. Kg1 Bxh2+ 35. Kf1 Bg3 36. Rd7 b6 37. Rb7 Kf6 38. Rh7 Kg6 39. Re7 Rh2 40. Rxa7 Bd6 41. Nf2 Bc5 42. Ne4 Rc2 43. Ra6 Rxc4 44. Nxc5 Rxc5 45. Rxb6+ Kg7 46. Kg2 Rc3 47. Kg3 Kh7 48. Rd6 Kg7 49. Re6 Ra3 50. Rd6 Rc3 51. Rd2 Rb3 52. Rd7+ Kf6 53. Ra7 Rb6 54. Ra5 Rc6 55. Rf5+ Kg6 56. Kf2 Re6 57. Rc5 Rd6 58. Ke3 Kf6 59. Rf5+ Kg6 60. Ke4 h5 61. Ke5 Ra6 62. gxh5+ Kxh5 0-1


[Site "https://www.chess.com"]

[Event "Titled Tuesday Blitz February 22 Late 2022"]
[White "Van den Dikkenberg, Erik"]
[Black "Farmani Anosheh, Armin"]
[WhiteFideId "1005880"]
[BlackFideId "24613240"]
[WhiteElo "2118"]
[BlackElo "2289"]
[Result "1/2-1/2"]
[Round "11"]
[TimeControl "180+1"]
[Date "2022.02.23"]
[WhiteClock "0:00:22"]
[BlackClock "0:01:03"]

1. e4 c5 2. Nc3 Nc6 3. Bb5 Nd4 4. Nf3 a6 5. Bd3 g6 6. O-O Bg7 7. Nxd4 cxd4 8. Ne2 d5 9. exd5 Qxd5 10. c3 dxc3 11. dxc3 Nf6 12. a4 O-O 13. Qc2 Rd8 14. Rd1 Bf5 15. Nf4 Bxd3 16. Rxd3 Qf5 17. Rxd8+ Rxd8 18. Qe2 e5 19. Nh3 h6 20. Be3 Ng4 21. Bb6 Rd6 22. a5 e4 23. Rd1 Rd3 24. Re1 Rxh3 25. gxh3 Ne5 26. Qxe4 Nf3+ 27. Kg2 Nxe1+ 28. Qxe1 Be5 29. Qe3 Kg7 30. Bd4 Bxd4 31. Qxd4+ Kh7 32. f3 Qc2+ 33. Qf2 Qb3 34. Qb6 Qd5 35. Qd4 Qxa5 36. Qf6 Qd5 37. b4 Qd2+ 38. Kg3 Qg5+ 39. Qxg5 hxg5 40. Kg4 Kh6 41. h4 f5+ 42. Kg3 gxh4+ 43. Kxh4 g5+ 44. Kg3 b5 45. h4 gxh4+ 46. Kxh4 Kg6 47. f4 Kh6 48. Kg3 Kh5 49. Kh3 Kg6 50. Kh4 Kh6 51. Kg3 Kh5 52. Kh3 Kg6 53. Kh4 1/2-1/2


[Site "https://www.chess.com"]